Map: [TLMC15] Hardwire

Players

Dark

  • Race: Zerg Zerg

Maru - Winner!

  • Race: Terran Terran

Event: DreamHack SC2 Masters Last Chance 2022

VOD

Have the link to the VOD?

Description

Time

  • Played on: Jan. 15, 2022, 1:48 p.m.
  • Length: 24:41

All games in this series

Show
View Real Time Build Order
Export as new Build Order

Dark Zerg 

Build Orders: Hatch First, Swarm Host 

Get SALT Encoding   

  12  0:00  Drone  
  13  0:11  Overlord  
  13  0:17  Drone  
  14  0:30  Drone x2  
  16  0:47  Hatchery  
  15  0:50  Drone  
  15  0:54  Drone  
  17  0:58  Drone  
  18  1:09  Extractor  
  17  1:13  Spawning Pool  
  17  1:17  Drone  
  17  1:19  Drone  
  18  1:29  Drone  
  19  1:45  Drone  
  20  2:01  Queen  
  20  2:02  Zergling x6, Spine Crawler x2  
  22  2:16  Zergling x4  
  22  2:21  Zergling x2  
  25  2:25  Zergling x2  
  27  2:42  Queen  
  27  2:52  Zergling x2  
  27  2:53  Overlord  
  27  3:02  Zergling x2  
  27  3:07  Queen  
  27  3:09  Zergling x2  
  27  3:10  Zergling x2  
  27  3:11  Zergling x4  
  29  3:17  Zergling x4, Queen  
  33  3:22  Zergling x2  
  33  3:26  Zergling x2  
  35  3:33  Overlord  
  35  3:41  Overlord  
  35  3:56  Drone x6  
  40  4:06  Drone  
  39  4:11  Drone  
  39  4:14  Drone  
  41  4:26  Drone  
  41  4:28  Drone, Hatchery  
  42  4:32  Metabolic Boost  
  42  4:39  Queen  
  42  4:43  Drone  
  42  4:44  Drone  
  46  4:55  Overlord  
  46  4:58  Overlord x2  
  46  5:13  Drone x5  
  51  5:17  Overlord  
  51  5:21  Queen  
  51  5:22  Overlord  
  51  5:26  Drone, Overlord  
  51  5:27  Drone  
  55  5:29  Drone  
  55  5:32  Drone  
  55  5:34  Drone  
  55  5:35  Drone  
  59  5:41  Queen  
  61  5:44  Drone x2  
  63  5:50  Drone x2  
  63  5:51  Drone x2  
  63  5:56  Spore Crawler  
  67  5:57  Drone x3  
  67  6:02  Queen  
  71  6:05  Baneling Nest  
  71  6:06  Drone  
  71  6:09  Drone x2  
  73  6:11  Drone  
  73  6:12  Drone  
  73  6:13  Drone  
  73  6:16  Drone, Spore Crawler  
  76  6:20  Lair  
  76  6:23  Drone, Spore Crawler  
  76  6:24  Drone  
  76  6:25  Drone  
  78  6:28  Drone x2  
  78  6:30  Drone, Extractor  
  78  6:31  Drone  
  78  6:32  Drone  
  81  6:35  Drone x2  
  81  6:39  Queen  
  85  6:44  Zergling x10  
  87  6:50  Zergling x6  
  87  6:53  Drone  
  88  6:56  Extractor  
  88  6:57  Extractor  
  88  6:58  Drone x3  
  89  7:02  Queen  
  89  7:07  Drone x2  
  92  7:08  Drone  
  92  7:09  Roach Warren  
  92  7:10  Drone x2  
  92  7:13  Extractor  
  92  7:14  Drone, Extractor  
  93  7:16  Baneling x3  
  93  7:18  Drone x2  
  93  7:19  Drone x2  
  97  7:26  Evolution Chamber, Queen  
  98  7:36  Overlord  
  98  7:41  Queen  
  96  7:47  Drone, Overlord  
  97  7:51  Hatchery, Overlord x2  
  97  7:58  Zerg Missile Weapons Level 1, Drone x3  
  95  7:59  Drone x2  
  95  8:00  Infestation Pit, Drone  
  95  8:02  Drone  
  95  8:05  Glial Reconstitution  
  101  8:06  Evolution Chamber  
  98  8:13  Drone x2  
  98  8:15  Drone x2  
  102  8:23  Roach x5  
  102  8:24  Roach  
  114  8:28  Drone x2  
  116  8:35  Nydus Network  
  116  8:36  Overlord  
  116  8:39  Overlord  
  116  8:41  Overlord x2  
  115  8:51  Roach x3  
  121  9:01  Drone x4  
  122  9:05  Drone x4  
  122  9:10  Swarm Host x8  
  122  9:12  Drone  
  147  9:18  Swarm Host x3  
  155  9:27  Swarm Host x3  
  155  9:31  Nydus Canal  
  164  9:33  Zerg Melee Weapons Level 1  
  164  9:40  Swarm Host  
  164  9:42  Overlord  
  164  9:43  Drone x2  
  164  9:44  Drone, Overlord  
  167  9:49  Overlord  
  167  9:54  Overlord  
  167  9:58  Nydus Canal  
  167  10:02  Zerg Missile Weapons Level 2  
  167  10:03  Drone x3  
  167  10:04  Drone x5  
  175  10:13  Nydus Canal  
  175  10:18  Spore Crawler, Overlord  
  174  10:21  Pathogen Glands  
  174  10:22  Drone x2, Spore Crawler  
  174  10:23  Spore Crawler, Extractor  
  174  10:24  Extractor  
  174  10:26  Centrifugal Hooks  
  168  10:29  Evolution Chamber  
  159  10:38  Hatchery, Swarm Host x4  
  166  10:44  Roach x4  
  166  10:45  Roach x2  
  166  10:46  Roach x3  
  183  10:56  Roach x3  
  185  10:57  Roach, Overlord  
  185  11:03  Burrow  
  185  11:08  Spore Crawler  
  184  11:16  Infestor x2  
  188  11:21  Zerg Ground Armor Level 1  
  180  11:35  Nydus Canal  
  180  11:44  Infestor x2  
  177  11:48  Roach x2  
  177  11:50  Infestor  
  177  11:52  Nydus Canal  
  177  11:54  Queen  
  181  11:57  Drone, Spore Crawler  
  181  11:58  Zergling x20, Spine Crawler  
  181  11:59  Zergling x2, Spore Crawler  
  192  12:02  Roach x3  
  192  12:04  Zergling x4  
  195  12:10  Neural Parasite  
  183  12:15  Nydus Canal  
  183  12:20  Zergling x12  
  188  12:23  Spore Crawler  
  188  12:24  Zergling x2  
  188  12:25  Zergling x6  
  189  12:32  Drone  
  189  12:33  Drone x5  
  189  12:34  Queen  
  181  12:41  Nydus Canal  
  181  12:43  Drone x3  
  178  12:49  Roach  
  178  12:51  Queen x2  
  180  12:52  Zerg Melee Weapons Level 2  
  180  12:57  Ravager x3  
  180  12:58  Ravager x3  
  188  13:08  Swarm Host x4  
  200  13:13  Hatchery  
  200  13:16  Nydus Canal  
  192  13:45  Hive  
  181  13:49  Spire  
  181  13:50  Drone  
  181  13:51  Drone x5  
  181  13:54  Ravager x6  
  188  13:56  Zergling x16  
  196  14:04  Zergling x8  
  200  14:15  Extractor  
  200  14:16  Nydus Canal  
  199  14:17  Drone  
  199  14:18  Extractor  
  199  14:19  Baneling  
  199  14:20  Baneling x10  
  195  14:42  Drone x2  
  195  14:44  Drone x3  
  200  14:49  Drone x11  
  195  14:59  Drone  
  192  15:00  Roach  
  192  15:01  Roach x2  
  192  15:02  Nydus Canal  
  192  15:03  Greater Spire  
  192  15:05  Spire, Zerg Ground Armor Level 2  
  192  15:06  Zerg Missile Weapons Level 3, Adrenal Glands  
  195  15:12  Spore Crawler  
  193  15:14  Spine Crawler, Spore Crawler  
  193  15:15  Spine Crawler  
  193  15:17  Zergling x2  
  193  15:18  Zergling x18  
  200  15:28  Nydus Canal  
  199  15:54  Drone x4  
  199  15:55  Drone  
  199  16:00  Drone x3  
  199  16:01  Drone x2  
  199  16:02  Drone  
  199  16:19  Hatchery  
  199  16:20  Overlord  
  199  16:23  Drone  
  199  16:26  Nydus Canal  
  199  16:34  Zerg Flyer Weapons Level 1  
  199  16:35  Zerg Flyer Armor Level 1  
  199  16:37  Ultralisk Cavern  
  199  16:38  Drone x2  
  200  16:41  Nydus Canal  
  189  16:59  Zergling x20  
  199  17:07  Zerg Melee Weapons Level 3  
  199  17:25  Zerg Ground Armor Level 3, Spine Crawler, Spore Crawler  
  199  17:26  Spine Crawler  
  199  17:28  Hatchery  
  195  17:30  Baneling x20  
  195  17:31  Overseer x2, Overlord x3  
  195  17:32  Pneumatized Carapace, Overseer  
  195  17:33  Overseer  
  195  17:36  Spore Crawler  
  194  17:37  Spore Crawler  
  194  17:38  Chitinous Plating  
  189  18:03  Hatchery  
  186  18:06  Zergling x24  
  198  18:18  Spore Crawler x2  
  196  18:21  Zergling x8  
  200  18:32  Baneling x10  
  200  18:39  Spine Crawler  
  199  18:44  Spine Crawler  
  198  18:57  Anabolic Synthesis  
  198  19:04  Baneling x3  
  198  19:05  Baneling x7  
  198  19:07  Zergling x4  
  182  19:36  Zergling x2  
  182  19:37  Zergling x32  
  199  19:48  Zergling x2  
  200  19:54  Spore Crawler  
  200  19:55  Spore Crawler  
  196  20:08  Zergling x4  
  196  20:09  Zergling x10  
  196  20:16  Hatchery  
  195  20:25  Spire  
  194  20:29  Zerg Flyer Weapons Level 2  
  194  20:45  Zergling x10  
  199  20:55  Zergling x6  
  198  20:58  Hatchery  
  198  21:03  Baneling x9  
  198  21:04  Baneling  
  183  21:22  Ultralisk x3  
  180  21:30  Roach x2  
  180  21:31  Zergling x52  
  188  21:49  Spire  
  186  21:54  Drone x4  
  184  22:03  Drone x3  
  186  22:08  Extractor  
  186  22:11  Hatchery  
  186  22:13  Extractor  
  173  22:27  Ultralisk x2  
  173  22:28  Zergling x20  
  173  22:29  Zergling x4  
  176  22:34  Zergling x2  
  172  22:37  Roach  
  172  22:42  Hatchery  
  165  22:56  Roach x10  
  182  23:00  Roach  
  182  23:01  Roach x2  
  182  23:04  Baneling x4  
  188  23:06  Ravager x2  
  191  23:16  Infestor x3, Hatchery  
  196  23:24  Drone, Hatchery  
  191  23:55  Ravager x2, Hatchery  
  191  23:56  Ravager x4  
  187  24:09  Zergling x22  
  181  24:22  Zergling x10  
Show
View Real Time Build Order
Export as new Build Order

Maru Terran - Winner!

Build Orders: Mech 

Get SALT Encoding   

  12  0:00  SCV  
  13  0:12  SCV  
  14  0:17  Supply Depot  
  14  0:24  SCV  
  15  0:42  Barracks  
  15  0:52  Barracks  
  15  0:53  SCV  
  16  1:05  SCV  
  16  1:06  Refinery  
  17  1:17  SCV  
  18  1:28  Marine  
  18  1:29  Orbital Command  
  19  1:36  Supply Depot  
  19  1:39  Marine  
  20  1:46  Marine  
  21  1:50  Bunker  
  21  1:55  SCV  
  21  1:57  Marine  
  23  2:03  Bunker  
  23  2:05  Marine  
  24  2:12  SCV  
  24  2:18  Marine  
  24  2:22  Bunker  
  25  2:23  Factory, Marine  
  25  2:27  SCV  
  27  2:36  Marine  
  28  2:37  Supply Depot  
  28  2:40  SCV  
  29  2:52  SCV  
  30  2:59  Marine x2  
  30  3:04  SCV  
  30  3:16  SCV  
  30  3:17  Factory Reactor, Marine x2  
  33  3:20  Starport  
  33  3:28  SCV  
  34  3:35  Marine x2  
  34  3:41  Command Center  
  36  3:45  SCV  
  36  3:46  Supply Depot  
  37  3:54  Hellion  
  36  4:02  SCV  
  33  4:03  Viking  
  35  4:14  Hellion  
  35  4:15  Hellion, SCV  
  35  4:20  Refinery  
  35  4:27  Fusion Core  
  35  4:28  SCV  
  40  4:40  SCV  
  37  4:52  SCV  
  39  4:53  Orbital Command  
  39  4:56  Refinery, Starport Tech Lab  
  38  5:07  Command Center  
  38  5:08  SCV  
  39  5:19  SCV  
  39  5:20  SCV  
  41  5:31  SCV  
  41  5:32  SCV, Battlecruiser  
  51  5:36  Hellion  
  51  5:37  Hellion  
  51  5:41  Supply Depot  
  53  5:43  SCV  
  53  5:44  SCV  
  53  5:49  Refinery  
  55  5:55  SCV  
  55  5:56  SCV  
  57  6:08  SCV x2  
  59  6:12  Factory x2  
  59  6:18  Supply Depot  
  59  6:19  Orbital Command  
  59  6:20  SCV  
  59  6:23  Hellion x2  
  64  6:27  SCV  
  64  6:32  SCV  
  66  6:40  Armory x2  
  66  6:50  Battlecruiser  
  66  6:51  SCV  
  66  6:52  SCV  
  74  6:59  Factory Tech Lab x2  
  74  7:04  SCV x2  
  74  7:08  Hellion x2  
  80  7:09  Orbital Command  
  80  7:12  Supply Depot  
  80  7:16  SCV x2  
  82  7:23  Hellion x2  
  82  7:25  Supply Depot  
  82  7:28  SCV x2, Terran Vehicle Weapons Level 1, Terran Vehicle And Ship Armor Level 1  
  88  7:34  Hellion  
  88  7:35  SCV  
  91  7:40  SCV x2  
  79  7:47  SCV  
  79  7:48  Siege Tank  
  79  7:50  Siege Tank  
  86  7:52  Hellion, SCV x2  
  90  7:59  SCV  
  90  8:00  Engineering Bay  
  90  8:04  SCV x2  
  90  8:05  Battlecruiser  
  99  8:08  Refinery  
  99  8:09  Refinery  
  99  8:12  SCV  
  100  8:15  Supply Depot  
  100  8:16  SCV x2  
  102  8:20  Command Center  
  102  8:24  SCV  
  102  8:26  Siege Tank  
  106  8:28  SCV x2  
  106  8:32  Weapon Refit  
  108  8:36  SCV  
  108  8:37  Hellion x2  
  108  8:39  Supply Depot  
  108  8:40  SCV x2  
  115  8:48  SCV  
  116  8:50  Mag-Field Accelerator  
  116  8:53  SCV  
  117  9:01  SCV, Siege Tank  
  117  9:02  Command Center  
  121  9:07  SCV x2  
  123  9:11  Hellion  
  125  9:17  Supply Depot  
  125  9:21  Supply Depot  
  125  9:24  Factory, Infernal Pre-Igniter  
  125  9:26  Factory  
  125  9:32  Hellion, Cyclone  
  125  9:33  Cyclone  
  133  9:38  SCV  
  133  9:44  Hellion  
  136  9:51  SCV x2  
  136  9:53  Hellion  
  136  9:56  Terran Vehicle Weapons Level 2  
  137  10:00  SCV  
  137  10:03  SCV  
  137  10:04  Siege Tank  
  137  10:05  SCV, Siege Tank  
  139  10:09  Hellion  
  139  10:10  Hellion  
  139  10:12  SCV  
  130  10:15  Hellion, SCV  
  130  10:16  Battlecruiser  
  130  10:17  SCV  
  133  10:26  Hellion  
  133  10:28  SCV x2  
  137  10:29  SCV  
  137  10:30  Hellion  
  137  10:32  Hellion  
  142  10:36  Hellion x2  
  142  10:37  Hellion  
  142  10:40  SCV  
  148  10:48  Hellion  
  149  10:52  Hellion  
  151  10:57  Cyclone  
  151  10:58  Cyclone  
  151  10:59  SCV  
  158  11:05  Terran Vehicle And Ship Armor Level 2  
  158  11:06  Supply Depot, SCV x2  
  154  11:11  SCV  
  155  11:18  SCV x2  
  155  11:20  Factory Tech Lab  
  155  11:21  Factory Reactor  
  155  11:22  Battlecruiser  
  155  11:23  SCV  
  162  11:26  Refinery  
  162  11:27  Refinery  
  162  11:29  Siege Tank  
  162  11:30  Siege Tank  
  166  11:37  Orbital Command  
  166  11:46  Hellion x2, Siege Tank  
  169  11:49  Supply Depot  
  169  11:50  SCV  
  165  12:00  Hellion  
  165  12:01  Hellion, Siege Tank  
  166  12:03  Siege Tank  
  166  12:05  SCV  
  165  12:14  Terran Vehicle Weapons Level 3  
  165  12:18  Siege Tank, Command Center  
  165  12:19  Hellion x2  
  165  12:22  Hellion  
  171  12:25  SCV x2  
  168  12:34  Refinery  
  168  12:35  Refinery  
  163  12:43  Hellion x2, SCV x2, Cyclone  
  166  12:46  SCV  
  166  12:49  Raven  
  166  12:51  Siege Tank  
  172  13:10  Hellion x2  
  172  13:11  Planetary Fortress  
  176  13:17  Smart Servos  
  176  13:18  Hellion, Cyclone x2  
  184  13:23  Command Center  
  184  13:24  Sensor Tower  
  175  13:39  SCV  
  166  13:43  Thor  
  166  13:44  Hellion x3  
  166  13:47  SCV  
  177  13:50  Siege Tank, Thor  
  177  13:51  SCV  
  177  13:53  SCV  
  188  13:58  Hellion x2  
  188  13:59  Hellion x8, SCV  
  189  14:03  SCV x2, Orbital Command  
  189  14:05  SCV  
  192  14:11  SCV  
  192  14:13  Planetary Fortress, Terran Vehicle And Ship Armor Level 3  
  193  14:19  Sensor Tower  
  193  14:24  SCV x2  
  193  14:25  Barracks  
  193  14:26  Ghost Academy, Barracks  
  193  14:30  SCV  
  196  14:49  SCV  
  181  14:55  SCV, Engineering Bay  
  181  14:56  SCV  
  181  14:57  SCV x2  
  185  15:00  Hellion, Command Center  
  185  15:01  Hellion, SCV  
  185  15:04  Barracks  
  190  15:08  SCV  
  189  15:14  SCV x4  
  189  15:18  Missile Turret  
  193  15:23  Barracks Tech Lab x2  
  193  15:24  Terran Infantry Armor Level 1, Barracks  
  193  15:26  Terran Ship Weapons Level 1  
  193  15:38  Thor  
  199  15:56  Hellion  
  199  15:57  Hellion  
  185  16:03  Barracks Tech Lab, Ghost x2  
  179  16:05  Terran Infantry Weapons Level 1  
  179  16:12  Refinery, Command Center  
  179  16:13  Refinery  
  179  16:14  Command Center  
  179  16:24  Sensor Tower  
  175  16:34  Barracks Tech Lab, Ghost x3  
  175  16:35  Medivac  
  183  16:44  Hellion x3  
  188  16:51  SCV x2  
  188  16:53  Barracks Tech Lab  
  187  17:02  Siege Tank x2  
  193  17:11  Medivac  
  191  17:15  Sensor Tower  
  191  17:16  Hellion x5, Missile Turret  
  191  17:17  Missile Turret  
  191  17:18  Planetary Fortress  
  191  17:22  Terran Ship Weapons Level 2  
  191  17:23  Terran Infantry Armor Level 2  
  191  17:24  Ghost x4  
  191  17:28  Orbital Command x2  
  199  17:31  SCV  
  200  17:51  Refinery  
  200  17:52  Refinery  
  200  18:02  Sensor Tower  
  197  18:10  Sensor Tower  
  197  18:12  Refinery  
  197  18:14  Siege Tank  
  197  18:19  Command Center  
  200  18:33  Command Center  
  200  18:40  Missile Turret  
  200  18:51  Neosteel Armor  
  200  19:01  Missile Turret  
  200  19:04  Command Center  
  200  19:07  Command Center  
  200  19:10  Missile Turret x2  
  200  19:11  Missile Turret  
  200  19:12  Missile Turret  
  200  19:14  Missile Turret  
  190  19:36  Refinery  
  189  19:39  Hi-Sec Auto Tracking  
  189  19:40  Ghost  
  189  19:41  Ghost x4  
  189  19:43  Planetary Fortress  
  189  19:45  Command Center  
  191  20:02  Siege Tank x3  
  198  20:09  Personal Cloaking  
  192  20:30  Terran Infantry Weapons Level 2  
  192  20:33  Orbital Command  
  192  20:34  Planetary Fortress, Siege Tank x2  
  198  20:36  Command Center  
  198  20:37  Missile Turret x2  
  198  20:38  Sensor Tower  
  198  20:39  Missile Turret  
  198  20:49  Command Center  
  198  20:51  Terran Infantry Armor Level 3  
  198  20:53  Terran Ship Weapons Level 3  
  198  20:57  Hellbat  
  200  21:12  Command Center  
  190  21:27  Siege Tank x3  
  190  21:28  Orbital Command x2  
  189  21:34  Enhanced Shockwaves  
  189  21:36  Missile Turret  
  189  21:38  Missile Turret  
  187  21:59  Siege Tank, Planetary Fortress  
  188  22:03  Missile Turret  
  188  22:13  Siege Tank x2  
  188  22:19  Hellion x4  
  196  22:24  Missile Turret  
  187  22:31  Siege Tank  
  179  22:37  Command Center  
  179  22:40  Hellion x2  
  182  22:45  Siege Tank x2  
  186  22:53  Nuke  
  186  22:56  Hellion x2  
  185  23:00  Orbital Command  
  185  23:03  Siege Tank  
  188  23:06  Hellion x2  
  192  23:17  Siege Tank x2  
  192  23:18  Sensor Tower, Command Center  
  192  23:19  Refinery  
  198  23:20  Refinery  
  196  23:53  Command Center  
  196  23:59  Planetary Fortress  
  196  24:08  Missile Turret  
  196  24:09  Missile Turret  

Tags
 
Add a new tag
Caveats
  • Supply blocks, unpowered buildings, or Contaminate may cause inaccurate times.
  • Supply counts are checked every 10 seconds.